 Dungeon Crawl Stone Soup version 0.27-a0-1434-g6f15984924 (webtiles) character file.

Game seed: 14977605434787056016

272157 mathematician the Spry (level 19, -16/180 HPs)
             Began as a Pale Draconian Artificer on June 30, 2021.
             Was a High Priest of Ashenzari.
             Killed from afar by a tengu reaver (42 damage)
             ... with a bolt of acid
             ... on level 1 of the Vaults on July 3, 2021.
             The game lasted 06:40:48 (58816 turns).

mathematician the Spry (Pale Draconian Artificer)  Turns: 58816, Time: 06:40:48

Health: -16/180    AC: 20    Str: 23    XL:     19   Next: 47%
Magic:  37/37      EV: 32    Int: 16    God:    Ashenzari [*****.]
Gold:   2256       SH: 14    Dex: 15    Spells: 32/47 levels left

rFire    . . .     SeeInvis +   f - +9 mace "I Knew You'd Do That" {drain, Cun, Self} (curse)
rCold    + + .     Faith    .   O - +2 buckler of the Ruined Seeker {Evo, Range} (curse)
rNeg     . . .     Spirit   .   (armour unavailable)
rPois    .         Reflect  +   I - +2 hat of Ashenzari's Sybil {Int+3, Self, Evo} (curse)
rElec    .         Harm     .   a - +2 cloak of Supernal Understanding {Comp, Evo} (curse)
rCorr    .         Rampage  .   H - +2 pair of gloves of the Chained Planets {Elem, Cun} (curse)
Will     +....     Clarity  +   J - +1 pair of boots of Ashenzari's Failure {Evo, Melee} (curse)
Stlth    ++++++....             D - amulet of the Evil One {Reflect Contam rC+ Str+5 SH+5 SInv}
HPRegen  0.40/turn              z - ring "Circumscribed Together" {EV+4, Comp, Cun} (curse)
MPRegen  0.25/turn              r - ring of the Profound Adversity {EV+4, Alch, Melee} (curse)

@: studying Spellcasting
A: breathe steam, AC +10, unfitting armour, cold-blooded, steam resistance, cold
resistance 1
}: 2/15 runes: barnacled, gossamer
a: Breathe Steam, Renounce Religion, Shatter the Chains


You were on level 1 of the Vaults.
You worshipped Ashenzari.
Ashenzari was extremely pleased with you.
You visited 7 branches of the dungeon, and saw 33 of its levels.
You also visited: Sewer and Ice Cave.

You collected 3196 gold pieces.
You spent 940 gold pieces at shops.

Inventory:

Hand Weapons
 f - the cursed +9 mace "I Knew You'd Do That" (weapon) {drain, Cun, Self}
   (You found it on level 1 of the Dungeon)

   A truly terrible weapon, it drains the life of those it strikes.
   It has a curse which improves the following skills: Cunning: Dodging and
   Stealth.
   Introspection: Fighting and Spellcasting.
Missiles
 g - 15 throwing nets
 l - 36 boomerangs
 m - 4 boomerangs of dispersal
 s - 21 silver javelins
 t - 7 atropa-tipped darts
 S - 5 curare-tipped darts
 Y - 78 poisoned darts
Armour
 a - the cursed +2 cloak of Supernal Understanding (worn) {Comp, Evo}
   (You took it off Crazy Yiuf on level 4 of the Dungeon)

   It has a curse which improves the following skills: Companions: Summonings
   and Necromancy.
   Evocations: Evocations.
 q - the -1 pair of gloves of Lirphos {rN+ Int+6}
   (You found it on level 4 of the Dungeon)

   Int:       It affects your intelligence (+6).
   rN:        It protects you from negative energy.
 H - the cursed +2 pair of gloves of the Chained Planets (worn) {Elem, Cun}
   (You bought it in a shop on level 4 of the Dungeon)

   It has a curse which improves the following skills: Elements: Fire Magic, Ice
   Magic, Air Magic and Earth Magic.
   Cunning:   Dodging and Stealth.
 I - the cursed +2 hat of Ashenzari's Sybil (worn) {Int+3, Self, Evo}
   (You took it off Gastronok on level 1 of the Lair of Beasts)

   It has a curse which improves the following skills: Introspection: Fighting
   and Spellcasting.
   Evocations: Evocations.
 J - the cursed +1 pair of boots of Ashenzari's Failure (worn) {Evo, Melee}
   (You found it on level 4 of the Lair of Beasts)

   It has a curse which improves the following skills: Evocations: Evocations.
   Melee Combat: Short Blades, Long Blades, Axes, Maces & Flails, Polearms,
   Staves and Unarmed Combat.
 O - the cursed +2 buckler of the Ruined Seeker (worn) {Evo, Range}
   (You found it on level 3 of the Lair of Beasts)

   It has a curse which improves the following skills: Evocations: Evocations.
   Ranged Combat: Slings, Bows, Crossbows and Throwing.
Jewellery
 r - the cursed ring of the Profound Adversity (right hand) {EV+4, Alch, Melee}
   (You found it on level 5 of the Dungeon)

   [ring of evasion]

   EV:        It affects your evasion (+4).
   It has a curse which improves the following skills: Alchemy: Poison Magic and
   Transmutations.
   Melee Combat: Short Blades, Long Blades, Axes, Maces & Flails, Polearms,
   Staves and Unarmed Combat.
 z - the cursed ring "Circumscribed Together" (left hand) {EV+4, Comp, Cun}
   (You found it on level 7 of the Dungeon)

   [ring of evasion]

   EV:        It affects your evasion (+4).
   It has a curse which improves the following skills: Companions: Summonings
   and Necromancy.
   Cunning:   Dodging and Stealth.
 D - the amulet of the Evil One (around neck) {Reflect Contam rC+ Str+5 SH+5 SInv}
   (You bought it in a shop on level 1 of the Vaults)

   [amulet of reflection]

   It reflects blocked missile attacks.
   Str:       It affects your strength (+5).
   rC:        It protects you from cold.
   SInv:      It lets you see invisible.
   Contam:    It causes magical contamination when unequipped.
   SH:        It affects your SH (+5).
Wands
 b - a wand of flame (57) (quivered)
 c - a wand of charming (11)
 n - a wand of iceblast (5)
 u - a wand of digging (14)
 w - a wand of polymorph (23)
 G - a wand of paralysis (19)
Scrolls
 i - 3 scrolls of immolation
 o - 4 scrolls of teleportation
 A - 5 scrolls of holy word
 B - 3 scrolls of magic mapping
 E - a scroll of blinking
 Q - 3 scrolls of enchant armour
 T - 2 scrolls of fog
 U - 2 scrolls of amnesia
 X - 2 scrolls of enchant weapon
 Z - a scroll of silence
Potions
 e - 7 potions of brilliance
 h - 3 potions of heal wounds
 j - 2 potions of magic
 k - 4 potions of haste
 p - 2 potions of might
 v - 2 potions of flight
 x - 18 potions of curing
 K - 2 potions of mutation
 N - 2 potions of cancellation
 P - 3 potions of ambrosia
 V - 2 potions of resistance
Miscellaneous
 d - a piece from Xom's chessboard (15/15)
 y - a phial of floods (inert)
 R - a box of beasts (inert)


   Skills:
 + Level 14.9(18.4) Fighting
 - Level 2.1(5.2) Maces & Flails
 + Level 1.4(4.3) Staves
 + Level 3.5(5.9) Throwing
 + Level 17.6(21.9) Dodging
 + Level 12.0(16.8) Stealth
 + Level 11.8 Shields
 + Level 0.3(1.5) Unarmed Combat
 * Level 10.9(14.6) Spellcasting
 + Level 0.4 Conjurations
 * Level 5.5 Translocations
 * Level 3.7(6.1) Transmutations
 * Level 4.3(6.8) Fire Magic
 + Level 8.3(10.9) Air Magic
 + Level 4.9(7.5) Poison Magic
 * Level 16.1(21.6) Evocations


You had 32 spell levels left.
You knew the following spells:

 Your Spells              Type           Power      Damage    Failure   Level
a - Poisonous Vapours     Pois/Air       82%        N/A       1%          2
b - Blink                 Tloc           N/A        N/A       1%          2
c - Mephitic Cloud        Conj/Pois/Air  31%        N/A       1%          3
i - Ignite Poison         Fire/Tmut/Pois 33%        N/A       1%          3
o - Olgreb's Toxic Radia  Pois           35%        N/A       2%          4
A - Apportation           Tloc           58%        N/A       1%          1

Your spell library contained the following spells:

 Spells                   Type           Power      Damage    Failure   Level
 Sting                    Tmut/Pois      100%       1d8       1%          1
 Wereblood                Tmut           31%        N/A       1%          2
 Gell's Gravitas          Tloc           14%        N/A       1%          3
 Lesser Beckoning         Tloc           14%        N/A       1%          3
 Spider Form              Tmut/Pois      16%        N/A       1%          3
 Swiftness                Air            46%        N/A       1%          3
 Magic Dart               Conj           52%        1d5       4%          1
 Summon Small Mammal      Summ           52%        N/A       4%          1
 Inner Flame              Hex/Fire       22%        N/A       4%          3
 Corona                   Hex            12%        N/A       6%          1
 Call Imp                 Summ           13%        N/A       7%          2
 Searing Ray              Conj           26%        3d4       7%          2
 Ensorcelled Hibernation  Hex/Ice        24%        N/A       8%          2
 Alistair's Intoxication  Tmut/Pois      22%        N/A       10%         5
 Blade Hands              Tmut           15%        N/A       12%         5
 Call Canine Familiar     Summ           13%        N/A       13%         3
 Ice Form                 Ice/Tmut       22%        N/A       14%         4
 Petrify                  Tmut/Erth      22%        N/A       14%         4
 Dazzling Flash           Conj/Hex       24%        N/A       16%         3
 Summon Guardian Golem    Hex/Summ       12%        N/A       16%         3
 Confusing Touch          Hex            11%        N/A       17%         3
 Tukima's Dance           Hex            11%        N/A       17%         3
 Iskenderun's Mystic Bla  Conj/Tloc      21%        2d6       17%         4
 Fireball                 Conj/Fire      11%        3d7       34%         5
 Irradiate                Conj/Tmut      11%        3d17      38%         5
 Yara's Violent Unravell  Hex/Tmut       10%        3d6       41%         5
 Fulminant Prism          Conj/Hex       6%         3d7       45%         4
 Cause Fear               Hex            5%         N/A       50%         4
 Dispersal                Tloc           14%        N/A       65%         6
 Metabolic Englaciation   Hex/Ice        6%         N/A       82%         5
 Storm Form               Tmut/Air       19%        N/A       82%         7
 Starburst                Conj/Fire      11%        8x6d5     89%         6
 Statue Form              Tmut/Erth      14%        N/A       92%         6
 Dragon Form              Tmut           15%        N/A       98%         7
 Invisibility             Hex            5%         N/A       100%        6
 Discord                  Hex            5%         N/A       100%        8
 Ignition                 Fire           16%        3d7       100%        8


Dungeon Overview and Level Annotations

Branches:
Dungeon (15/15)            Temple (1/1) D:7            Lair (6/6) D:10
 Shoals (4/4) Lair:4       Spider (4/4) Lair:2        Slime (0/5) Lair:6
    Orc (2/2) D:11            Elf (0/3) Orc:2        Vaults (1/5) D:13
 Depths (0/5) D:15          Sewer (visited)           IceCv (visited)

Altars:
Ashenzari
Cheibriados
Dithmenos
Elyvilon
Fedhas
Gozag
Hepliaklqana
Kikubaaqudgha
Makhleb
Nemelex Xobeh
Okawaru
Qazlal
Ru
Sif Muna
Trog
Uskayaw
Vehumet
Wu Jian
Xom
Yredelemnul
Zin
The Shining One
Beogh

Shops:
D:4 **   D:5 ?   D:6 :   D:14 (:   Orc:2 (!(?=   Shoals:3 (   Vaults:1 *

Annotations:
D:3 1 runed translucent door, BlueGoblin's ghost, amateur GnAr
D:6 Grinder
D:8 1 runed translucent door
Lair:2 2 transporters, Froggeryz's ghost, journeyman OpBe
Lair:3 Rupert


Innate Abilities, Weirdness & Mutations

You can breathe blasts of scalding, opaque steam.
Your pale cyan-grey scales are hard. (AC +10)
You cannot fit into any form of body armour.
You are cold-blooded and may be slowed by cold attacks.
You are immune to the effects of steam.
Your flesh is cold resistant. (rC+)


Message History

The ball of steam hits the tengu reaver.
The tengu reaver is heavily wounded.
The tengu reaver is engulfed in a cloud of scalding steam.
The ironbound preserver is engulfed in a cloud of scalding steam.
You block the ironbound preserver's attack.
Unknown command.
You hit the ironbound preserver.
You kill the ironbound preserver!
The tengu reaver is engulfed in a cloud of scalding steam.
You barely miss the tengu reaver.
Your tail-slap misses the tengu reaver.
The tengu reaver is heavily wounded.
The tengu reaver is engulfed in a cloud of scalding steam.
You block the tengu reaver's attack.
The tengu reaver hits your elder fireshock beast with a +2 war axe!!
The tengu reaver completely misses you. You block the tengu reaver's attack.
The tengu reaver blocks your elder fireshock beast's attack.
The tengu reaver hits your elder fireshock beast with a +2 war axe!!
The tengu reaver hits you with a +2 war axe.
* * * LOW HITPOINT WARNING * * *
The tengu reaver pecks your elder fireshock beast but does no damage.
The tengu reaver claws your elder fireshock beast.
Your elder fireshock beast dies!
Your elder fireshock beast's corpse disappears in a puff of smoke!
You hit the tengu reaver. You drain the tengu reaver.
Your tail-slap misses the tengu reaver.
The tengu reaver is heavily wounded.
You are no longer corroded.
The tengu reaver is engulfed in a cloud of scalding steam.
The tengu reaver hits you with a +2 war axe!!
* * * LOW HITPOINT WARNING * * *
The tengu reaver pecks you but does no damage.
The tengu reaver completely misses you.
You have got your breath back.
The deep troll is no longer waterlogged.
You block the tengu reaver's attack. The tengu reaver completely misses you.
The tengu reaver misses you.
The tengu reaver is no longer waterlogged.
The tengu reaver points at you and mumbles some strange words.
The bolt of acid hits you!!!
You die...

.* * ###..# #..*
###########..#
.#.*##.........#..#
#.####.........#..#
.#.##..........#T.#
* ###.#.)....).#..#
.##..........#Q.# *
###.∩.#......#..#
###.......)..#@.#
#####.#>...)...#..#
#####..........'..#
######.........#..#
....##........)#..#
....############..#
....## ########..#
#...### #######..#
##+#### ######..#


You could see a tengu reaver (drained) and a deep troll.

Vanquished Creatures
  Mara (Spider:4)
  Arachne (Spider:3)
  Polyphemus (Shoals:3)
  Gastronok (Lair:1)
  Roxanne (Spider:3)
  Ilsuiw (Shoals:3)
  3 vault wardens
  An orc warlord (Orc:2)
  3 ghost moths
  2 emperor scorpions (Spider:4)
  A very ugly thing (Vaults:1)
  Nessos (D:12)
  6 ironbound preservers
  2 elemental wellsprings (Shoals:1)
  An entropy weaver (Spider:2)
  5 dire elephants
  2 spark wasps
  5 merfolk javelineers
  An ettin (D:13)
  A yaktaur captain (Vaults:1)
  2 ironbound thunderhulks (Vaults:1)
  14 merfolk impalers
  Harold (D:7)
  2 boulder beetles
  3 vault guards
  A great orb of eyes (Vaults:1)
  8 hydras
  2 ironbound frosthearts (Vaults:1)
  4 merfolk avatars
  An alligator snapping turtle (Shoals:2)
  4 satyrs
  4 merfolk aquamancers
  4 two-headed ogres
  2 centaur warriors
  14 death yaks
  2 catoblepae
  5 orc high priests
  2 tengu warriors
  3 ironbound beastmasters
  3 spectral dire elephants (Lair:6)
  Nergalle (Orc:1)
  Sonja (Orc:2)
  An orc knight (D:15)
  A fire crab (D:14)
  A spectral death yak (Lair:6)
  14 sea snakes
  A spectral anaconda (Lair:6)
  A kraken simulacrum (Shoals:4)
  3 lindwurms
  5 necromancers
  19 deep trolls
  An obsidian statue (Lair:6)
  2 wizards (D:15)
  14 harpies
  2 deep elf pyromancers
  3 ironbound convokers
  4 orc sorcerers
  15 orb spiders
  19 fauns
  8 cyclopes
  33 wolf spiders
  16 manticores
  17 elephants
  A moth of wrath (Spider:3)
  A dire elephant zombie (Lair:6)
  A guardian serpent (shapeshifter) (D:13)
  A naga mage (D:15)
  16 merfolk sirens
  A torpor snail (Lair:3)
  13 water nymphs
  3 centaur skeletons (D:15)
  A gargoyle (D:11)
  5 vault sentinels
  2 dire elephant skeletons (Lair:6)
  An ice statue (IceCv)
  6 black mambas
  Maggie (D:6)
  Psyche (D:9)
  18 cane toads
  7 rime drakes
  A tengu conjurer (D:13)
  An efreet (D:15)
  5 kobold demonologists
  3 yaktaurs (Vaults:1)
  10 demonic crawlers
  2 freezing wraiths
  8 komodo dragons
  7 trolls
  A queen bee (Spider:4)
  39 jumping spiders
  4 wind drakes
  43 merfolk
  14 polar bears
  10 hornets
  2 spectral elephants (Lair:6)
  4 blink frogs (Lair:2)
  14 snapping turtles
  23 dream sheep
  11 slime creatures
  84 redbacks
  4 wraiths
  25 tarantellas
  26 yaks
  16 water elementals
  10 wyverns
  A yak (shapeshifter) (D:14)
  Eustachio (D:6)
  A steam dragon (Lair:5)
  11 basilisks
  4 vampire mosquitoes (D:11)
  3 spectral cane toads (Lair:6)
  2 wargs (D:11)
  17 water moccasins
  22 orc warriors
  A sky beast (D:5)
  6 elephant zombies (Lair:6)
  A swamp drake (D:10)
  A hornet zombie (D:8)
  3 necrophages (D:6)
  7 ogres
  2 black bears
  18 wolves
  4 boggarts (Lair:4)
  2 elephant skeletons (Lair:6)
  21 centaurs
  A phantom (D:5)
  13 bullfrogs
  7 kobold brigands
  Blork the orc (D:4)
  A wyvern zombie (D:6)
  4 cane toad simulacra (Lair:6)
  6 scorpions (D:8)
  A wyvern skeleton (D:5)
  A water moccasin zombie (D:5)
  2 elephant simulacra (Lair:6)
  23 killer bees
  A water moccasin skeleton (D:5)
  6 wights
  3 howler monkeys
  6 electric eels
  A bullfrog zombie (D:6)
  6 centaur zombies
  A human zombie (D:6)
  3 hounds
  31 orc priests
  Crazy Yiuf (D:4)
  2 bullfrog skeletons
  20 jellies
  6 iguanas
  32 orc wizards
  5 hell rats
  2 killer bee zombies
  A human simulacrum (D:9)
  2 hound skeletons (D:4)
  A mummy (D:6)
  2 howler monkey zombies (D:6)
  4 gnolls
  18 adders
  5 river rats
  2 ufetubi
  An adder skeleton (D:4)
  5 worms
  A dart slug (D:4)
  80 orcs
  8 ball pythons
  7 bats
  6 endoplasms
  9 giant cockroaches
  9 goblins
  9 hobgoblins
  12 jackals
  6 quokkas
  4 frilled lizards
  34 kobolds
  23 rats
  3 butterflies
1315 creatures vanquished.

Vanquished Creatures (collateral kills)
  A kraken (Shoals:1)
  Donald (Shoals:4)
  The ghost of Vuxtiasch the Quickloader, a journeyman GnHu of Ashenzari (Orc:1)
  A ghost moth (Spider:4)
  An emperor scorpion (Spider:4)
  A slime creature (D:15)
  Josephine (Orc:1)
  2 merfolk impalers
  An ice dragon (D:13)
  An alligator snapping turtle (Shoals:4)
  A centaur warrior (D:15)
  An orc high priest (Orc:2)
  A sea snake (Shoals:1)
  A deep troll (D:13)
  2 harpies (Shoals:2)
  A wolf spider (Spider:3)
  A cyclops (D:15)
  A manticore (Shoals:4)
  A cane toad (Lair:3)
  2 demonic crawlers (Spider:3)
  2 merfolk (Shoals:1)
  A wind drake (Shoals:4)
  A hornet (Spider:4)
  2 snapping turtles (Shoals:1)
  A redback (Spider:3)
  A tarantella (Spider:3)
  2 wraiths (Orc:1)
  10 orc warriors
  A black bear (Lair:4)
  2 ogres (Orc:2)
  A centaur (D:15)
  6 orc priests
  2 orc wizards
  8 orcs
  2 tentacles (Shoals:1)
65 creatures vanquished.

Vanquished Creatures (others)
  A faun (Shoals:2)
  A killer bee (D:5)
  An orc wizard (Orc:1)
  A human simulacrum (D:9)
  An orc (Orc:1)
  2 endoplasms (D:1)
  A bush (Lair:6)
  47 fungi
  177 plants
  42 tentacles
  28 withered plants (Lair:6)
302 creatures vanquished.

Grand Total: 1682 creatures vanquished

Notes
Turn   | Place    | Note
-------+----------+-------------------------------------------
     0 | D:1      | mathematician the Draconian Artificer began the quest for
                  | the Orb.
     0 | D:1      | Reached XP level 1. HP: 16/16 MP: 1/1
     0 | D:1      | Noticed an elf
     0 | D:1      | Noticed a tengu
     1 | D:1      | Noticed a vampire
     2 | D:1      | Noticed a spriggan
     4 | D:1      | Noticed a vampire
     4 | D:1      | Noticed a vampire
     8 | D:1      | Noticed a formicid
    11 | D:1      | Noticed a gargoyle
    13 | D:1      | Noticed a gargoyle
    13 | D:1      | Noticed a dwarf
    15 | D:1      | Noticed an elf
    15 | D:1      | Noticed a draconian
    17 | D:1      | Noticed a vampire
    17 | D:1      | Noticed a spriggan
    19 | D:1      | Noticed a demonspawn
   639 | D:1      | Reached skill level 1 in Stealth
  1044 | D:2      | Reached XP level 2. HP: 19/23 MP: 2/2
  1594 | D:1      | Reached XP level 3. HP: 9/28 MP: 3/3
  2293 | D:1      | Reached skill level 3 in Dodging
  2342 | D:1      | Reached XP level 4. HP: 20/35 MP: 4/4
  3731 | D:3      | Reached XP level 5. HP: 30/41 MP: 5/5
  3855 | D:3      | Found a runed translucent door.
  4452 | D:3      | Noticed BlueGoblin's ghost (amateur GnAr)
  4717 | D:4      | Noticed Blork the orc
  4719 | D:4      | Killed Blork the orc
  4720 | D:4      | Reached XP level 6. HP: 51/51 MP: 6/6
  4801 | D:4      | Found a runed translucent door.
  4802 | D:4      | Noticed Crazy Yiuf
  4809 | D:4      | Killed Crazy Yiuf
  5095 | D:4      | Found Yczouli's General Store.
  5099 | D:4      | Found Xekliorr's Specific Store.
  5107 | D:4      | Bought a potion of degeneration for 13 gold pieces
  5149 | D:5      | Entered Level 5 of the Dungeon
  5160 | D:5      | Reached skill level 4 in Dodging
  5367 | D:5      | Your scales start taking on a pale cyan-grey colour.
  5367 | D:5      | Reached skill level 5 in Evocations
  5367 | D:5      | Reached XP level 7. HP: 54/58 MP: 7/7
  5367 | D:5      | Gained mutation: You are immune to the effects of steam.
                  | [Pale Draconian growth]
  6034 | D:4      | Identified the -1 pair of gloves of Lirphos {rN+ Int+6}
  6250 | D:4      | Found a sparkling altar of Nemelex Xobeh.
  6834 | D:5      | Found Wyle's Magic Scroll Shop.
  6879 | D:5      | Reached skill level 5 in Dodging
  7060 | D:5      | Reached skill level 5 in Fighting
  7090 | D:5      | Reached XP level 8. HP: 68/68 MP: 8/8
  7647 | D:6      | Reached skill level 6 in Dodging
  7660 | D:6      | Found a white marble altar of Elyvilon.
  7663 | D:6      | Noticed Grinder
  7744 | D:6      | Found Veuff's Book Shoppe.
  7753 | D:6      | Noticed Maggie
  7769 | D:6      | Noticed Eustachio
  7770 | D:6      | Killed Maggie
  7771 | D:6      | Reached skill level 5 in Stealth
  7794 | D:6      | Killed Eustachio
  7808 | D:6      | Found a glowing drain.
  7821 | Sewer    | Entered a sewer
  8013 | Sewer    | Reached XP level 9. HP: 77/77 MP: 9/9
  9137 | D:6      | Reached skill level 7 in Dodging
  9159 | D:6      | Found an ancient bone altar of Kikubaaqudgha.
 10069 | D:7      | Found a staircase to the Ecumenical Temple.
 10127 | Temple   | Entered the Ecumenical Temple
 10183 | Temple   | Became a worshipper of Ashenzari the Shackled
 10217 | D:7      | Noticed Harold
 10298 | D:7      | Found a hide-covered altar of Uskayaw.
 10320 | D:7      | Found a blossoming altar of Fedhas.
 10330 | D:7      | Reached skill level 8 in Dodging
 10788 | D:7      | Killed Harold
 10789 | D:7      | Reached XP level 10. HP: 55/88 MP: 10/10
 11386 | D:8      | Found a glowing silver altar of Zin.
 11765 | D:8      | Found a runed translucent door.
 11785 | D:8      | Found a runed translucent door.
 11792 | D:8      | Reached skill level 9 in Dodging
 12138 | D:9      | Noticed Psyche
 12352 | D:9      | Killed Psyche
 12369 | D:9      | Noticed a smoke demon
 12371 | D:9      | Noticed a sixfirhy
 12962 | D:9      | Found an ornate altar of the Wu Jian Council.
 13368 | D:10     | Entered Level 10 of the Dungeon
 13398 | D:10     | Reached skill level 10 in Dodging
 13398 | D:10     | Reached XP level 11. HP: 97/97 MP: 11/11
 13423 | D:10     | Found a stormy altar of Qazlal.
 13481 | D:10     | Noticed a sixfirhy
 13963 | D:10     | Found a shimmering blue altar of Sif Muna.
 14118 | D:4      | Bought a +0 pair of gloves for 58 gold pieces
 14166 | D:5      | Bought a scroll of enchant armour for 112 gold pieces
 14166 | D:5      | Bought a scroll of enchant armour for 112 gold pieces
 14726 | D:10     | Found a staircase to the Lair.
 14919 | Lair:1   | Entered Level 1 of the Lair of Beasts
 14943 | Lair:1   | Noticed Gastronok
 15083 | Lair:1   | Killed Gastronok
 15084 | Lair:1   | Reached skill level 10 in Fighting
 15084 | Lair:1   | Reached skill level 11 in Dodging
 16220 | Lair:2   | Found a transporter.
 16228 | Lair:2   | Found a transporter.
 16231 | Lair:2   | Noticed Froggeryz's ghost (journeyman OpBe)
 16232 | Lair:2   | Identified the +0 pair of boots "Tuvei" {Fly rC+ Int-3}
 16234 | Lair:2   | Noticed a lindwurm
 16239 | Lair:2   | Found a hole to the Spider Nest.
 16361 | Lair:2   | Noticed a five-headed hydra
 16656 | Lair:2   | Reached XP level 12. HP: 105/107 MP: 12/12
 16789 | Lair:2   | Reached * piety under Ashenzari
 17417 | Lair:3   | Noticed a death yak
 17428 | Lair:3   | Killed a death yak
 17429 | Lair:3   | Reached skill level 12 in Dodging
 17537 | Lair:3   | Noticed a death yak
 17556 | Lair:3   | Killed a death yak
 18239 | Lair:3   | Noticed a death yak
 18239 | Lair:3   | Noticed a death yak
 18239 | Lair:3   | Noticed a death yak
 18252 | Lair:3   | Noticed a death yak
 18289 | Lair:3   | Killed a death yak
 18295 | Lair:3   | Killed a death yak
 18298 | Lair:3   | Killed a death yak
 18299 | Lair:3   | Killed a death yak
 18300 | Lair:3   | Reached skill level 10 in Evocations
 18503 | Lair:3   | Reached ** piety under Ashenzari
 18651 | Lair:3   | Noticed Rupert
 18860 | Lair:3   | Noticed a six-headed hydra
 18870 | Lair:3   | Killed a six-headed hydra
 18871 | Lair:3   | Reached skill level 13 in Dodging
 19447 | Lair:3   | Reached *** piety under Ashenzari
 19839 | Lair:4   | Reached XP level 13. HP: 122/122 MP: 13/13
 20178 | Lair:4   | Found a staircase to the Shoals.
 20344 | Lair:4   | Reached skill level 1 in Shields
 21221 | Lair:4   | Identified the +2 leather armour of Disaster {rN+}
 21645 | Lair:5   | Reached skill level 10 in Stealth
 22188 | Lair:6   | Entered Level 6 of the Lair of Beasts
 22339 | Lair:6   | Noticed a dire elephant
 22339 | Lair:6   | Noticed a dire elephant
 22931 | Lair:6   | Reached skill level 14 in Dodging
 22999 | Lair:6   | Found a staircase to the Slime Pits.
 23165 | Lair:6   | Reached **** piety under Ashenzari
 23522 | Lair:6   | Reached XP level 14. HP: 133/133 MP: 14/14
 23662 | Lair:6   | Upgraded the game from 0.27-a0-1381-g81fdcbfb23 to
                  | 0.27-a0-1391-g48c30b3128
 24701 | Lair:6   | Reached skill level 5 in Shields
 26489 | D:11     | Reached ***** piety under Ashenzari
 26652 | D:11     | Found a staircase to the Orcish Mines.
 26681 | D:11     | Reached skill level 1 in Maces & Flails
 27238 | Orc:1    | Entered Level 1 of the Orcish Mines
 27238 | Orc:1    | Found a large runed translucent door.
 27238 | Orc:1    | Found a large runed translucent door.
 27374 | Orc:1    | Noticed Vuxtiasch's ghost (journeyman GnHu)
 27487 | Orc:1    | Noticed Josephine
 27668 | Orc:1    | Killed Josephine
 27696 | Orc:1    | Killed Vuxtiasch's ghost
 27949 | Orc:1    | Noticed Nergalle
 27968 | Orc:1    | Killed Nergalle
 28034 | Orc:1    | Reached skill level 1 in Spellcasting
 28344 | Orc:1    | Learned a level 2 spell: Poisonous Vapours
 28353 | Orc:2    | Entered Level 2 of the Orcish Mines
 28401 | Orc:2    | Found a staircase to the Elven Halls.
 28408 | Orc:2    | Found a frozen archway.
 28434 | Orc:2    | Reached skill level 15 in Dodging
 28525 | IceCv    | Entered an ice cave
 28534 | IceCv    | Reached skill level 1 in Air Magic
 28749 | IceCv    | Reached XP level 15. HP: 141/141 MP: 19/19
 28755 | IceCv    | Reached skill level 1 in Staves
 29280 | IceCv    | Gained mutation: You are robust. (+10% HP) [potion of
                  | mutation]
 29280 | IceCv    | Lost mutation: You are robust. (+10% HP) [potion of
                  | mutation]
 29280 | IceCv    | Gained mutation: You have a pair of small horns on your
                  | head. [potion of mutation]
 29281 | IceCv    | Lost mutation: You have a pair of small horns on your head.
                  | [potion of mutation]
 29281 | IceCv    | Gained mutation: Your flesh is cold resistant. (rC+)
                  | [potion of mutation]
 29289 | IceCv    | Identified the +5 battleaxe of Terra Nullius {vorpal,
                  | *Corrode Fly Str+6 Stlth-}
 29304 | IceCv    | Noticed a frost giant
 29767 | Orc:2    | Found an iron altar of Okawaru.
 30582 | Orc:2    | Found Qaqisyot's Magic Scroll Boutique.
 30582 | Orc:2    | Found Ocaum's Jewellery Boutique.
 30582 | Orc:2    | Found Ummefij's Weapon Shop.
 30585 | Orc:2    | Found Ekoclaps's Distillery.
 30623 | Orc:2    | Found Ugippew's Weapon Emporium.
 30627 | Orc:2    | Noticed Sonja
 30635 | Orc:2    | Killed Sonja
 30636 | Orc:2    | Paralysed by an orc sorcerer for 2 turns
 30647 | Orc:2    | Noticed an orc warlord
 30656 | Orc:2    | Killed an orc warlord
 30932 | Orc:2    | Bought an amulet of the acrobat for 510 gold pieces
 31963 | D:12     | Noticed Nessos
 31983 | D:12     | Killed Nessos
 32535 | D:13     | Found a gate to the Vaults.
 32563 | D:13     | Reached skill level 1 in Poison Magic
 33541 | D:14     | Found Ciculo's Weapon Shop.
 33697 | D:14     | Found a shimmering altar of Xom.
 33697 | D:14     | Found a shimmering altar of Xom.
 33699 | D:14     | Found a shimmering altar of Xom.
 33700 | D:14     | Found a shimmering altar of Xom.
 33701 | D:14     | Found a shimmering altar of Xom.
 33701 | D:14     | Found a shimmering altar of Xom.
 33946 | D:14     | Found Juedepni's Book Emporium.
 34021 | D:14     | Found a shimmering altar of Xom.
 34177 | D:15     | Entered Level 15 of the Dungeon
 34657 | D:15     | Found a staircase to the Depths.
 34697 | D:15     | Reached skill level 5 in Air Magic
 35712 | Shoals:1 | Entered Level 1 of the Shoals
 35736 | Lair:4   | Reached XP level 16. HP: 144/151 MP: 22/22
 37088 | Shoals:1 | Noticed a kraken
 37133 | Shoals:1 | Killed a kraken
 37489 | Shoals:1 | Upgraded the game from 0.27-a0-1391-g48c30b3128 to
                  | 0.27-a0-1423-ge5d6b6ab6a
 37893 | Shoals:2 | Reached skill level 16 in Dodging
 39178 | Shoals:3 | Identified the +1 robe "Ceivoet" {rCorr Dex+2}
 39482 | Shoals:2 | Reached ****** piety under Ashenzari
 39512 | Shoals:3 | Noticed Ilsuiw
 39647 | Shoals:3 | Found Deimohal's Weapon Shoppe.
 39664 | Shoals:3 | Killed Ilsuiw
 41720 | Shoals:3 | Noticed Polyphemus
 41833 | Shoals:3 | Killed Polyphemus
 42484 | Shoals:3 | Learned a level 3 spell: Mephitic Cloud
 42748 | Shoals:3 | Reached skill level 1 in Throwing
 42757 | Shoals:3 | Reached XP level 17. HP: 97/166 MP: 25/25
 43854 | Shoals:4 | Entered Level 4 of the Shoals
 43877 | Shoals:3 | Reached skill level 10 in Shields
 43913 | Shoals:4 | Noticed a kraken
 44913 | Shoals:3 | Upgraded the game from 0.27-a0-1423-ge5d6b6ab6a to
                  | 0.27-a0-1434-g6f15984924
 46749 | Shoals:3 | Reached skill level 15 in Evocations
 46769 | Shoals:4 | Noticed Donald
 46774 | Shoals:4 | Killed Donald
 47174 | Shoals:4 | Got a barnacled rune of Zot
 48403 | Shoals:4 | Identified the Volume of the Feathery Compass
 48493 | Shoals:4 | Learned a level 2 spell: Blink
 49018 | Spider:1 | Entered Level 1 of the Spider Nest
 49554 | Spider:1 | Reached skill level 17 in Dodging
 49599 | Spider:1 | Reached skill level 1 in Translocations
 49864 | Spider:1 | Reached skill level 5 in Spellcasting
 50150 | Spider:1 | Reached XP level 18. HP: 164/173 MP: 29/31
 50540 | Spider:2 | Learned a level 1 spell: Apportation
 51731 | Spider:3 | Learned a level 4 spell: Olgreb's Toxic Radiance
 51740 | Spider:3 | Noticed Arachne
 51778 | Spider:3 | Killed Arachne
 52460 | Spider:3 | Identified Roxanne's Disquisition on Shape Shifting
 52460 | Spider:3 | Noticed Roxanne
 52485 | Spider:3 | Killed Roxanne
 52845 | Spider:4 | Entered Level 4 of the Spider Nest
 53866 | Spider:4 | Learned a level 3 spell: Ignite Poison
 54059 | Spider:4 | Reached skill level 1 in Fire Magic
 54176 | Spider:4 | Reached skill level 1 in Transmutations
 54265 | Spider:4 | Noticed Mara
 54297 | Spider:4 | Killed Mara
 55186 | Spider:4 | Got a gossamer rune of Zot
 56131 | Vaults:1 | Entered Level 1 of the Vaults
 56602 | D:13     | Reached XP level 19. HP: 119/181 MP: 31/37
 56794 | Vaults:1 | Paralysed by a great orb of eyes for 3 turns
 57126 | Vaults:1 | Identified the +0 robe of Fanaticism {rF++}
 57170 | Vaults:1 | Reached skill level 10 in Spellcasting
 57489 | D:13     | Reached skill level 5 in Translocations
 58639 | Vaults:1 | Found Nangaruc's Assorted Antiques.
 58653 | Vaults:1 | Bought a pitted copper amulet for 135 gold pieces
 58653 | Vaults:1 | Identified the amulet of the Evil One {Reflect Contam rC+
                  | Str+5 SH+5 SInv} (You bought it in a shop on level 1 of the
                  | Vaults)
 58816 | Vaults:1 | Killed from afar by a tengu reaver

Illustrated notes

Levels and vault maps discovered:
D:1:      shiori_arrival_whats_in_store_for_you, layout_loops_ring,
          minmay_misc_feat_square
D:2:      layout_loops_corners
D:3:      layout_loops_corners, ebering_ghost_reflecting_pool
D:4:      layout_gridville, nemelex_spade_bored_becter, chequers_avenue,
          chequers_serial_rivers_micro_c, nicolae_specific_store,
          uniq_blork_the_orc, uniq_crazy_yiuf_cottage
D:5:      minmay_recursive_quarters, layout_loops_ring, serial_shops, shop,
          st_stairs_6, chequers_jeans
D:6:      layout_loops_ring, lemuel_mausoleum_altar_kikubaaqudgha,
          lemuel_crystal_altar, serial_shops,
          nicolae_shop_competitors_out_of_business, portal_sewer_entry_d,
          uniq_grinder, uniq_eustachio, uniq_maggie
D:7:      layout_basic, eat_drink_and_be_merry_uskayaw, kennysheep_mini,
          minmay_temple_entry_mist, interstate_on_off, uniq_harold
D:8:      lemuel_insect_pit, layout_basic, overflow_temple_1_default
D:9:      layout_gridville, lemuel_round_altar, bh_circular_ruins, uniq_psyche
D:10:     layout_long_grid, lemuel_crystal_altar, lemuel_blue_sif_altar,
          erik_lair_dragon
D:11:     layout_basic, erik_orc_4
D:12:     layout_gridville, serial_co_window_serial, co_window_paths_b,
          co_window_paths_a, co_window_corner_a, co_window_corner_a,
          co_window_corner_a, co_window_broadway_b, co_window_of_opportunity_c,
          co_window_corner_cb, glass_columns_b, uniq_nessos
D:13:     layout_gridville, david_vaults_4
D:14:     layout_irregular_city, nicolae_xom_altar_mimics, serial_shops,
          nicolae_shop_stone, shop
D:15:     grunt_enter_depths_magical_seal, layout_long_grid, hex_tiny
Temple:   dshaligram_water_room_temple
Lair:1:   layout_cave_pods, uniq_gastronok
Lair:2:   layout_cellular_growth, spider_nest_entry_webs,
          gammafunk_ghost_berserking_beasts, nicolae_quartered_pool_super
Lair:3:   nzn_winding_woodlands_stair_trap [nzn_winding_woodlands_5x15_sawtooth,
          nzn_winding_woodlands_5x15_longhouse,
          nzn_winding_woodlands_5x15_split_checker,
          nzn_winding_woodlands_15x15_five_gardens,
          nzn_winding_woodlands_5x15_garden,
          nzn_winding_woodlands_5x15_pathside_ponds,
          nzn_winding_woodlands_5x15_pockets], layout_regular_city, uniq_rupert
Lair:4:   beast_lair_carwin_large_1, layout_hall_layers,
          minmay_shoals_entry_centaurs, columned_hall_lemuel,
          kilobyte_rumbling_trees, lemuel_fruit_fields
Lair:5:   layout_roguey
Lair:6:   due_jungle_book, layout_hall_layers, minmay_slime_entry_jelly_boxes,
          chequers_serial_rivers_room_a
Shoals:1: nicolae_shoals_island_circles, layout_shoals,
          nicolae_shoals_spring_well_temple
Shoals:2: layout_shoals
Shoals:3: layout_shoals, serial_shops, nicolae_diamond_shop, uniq_polyphemus,
          uniq_ilsuiw
Shoals:4: shoals_end_grunt_ice, layout_shoals, nicolae_shoals_mertower,
          uniq_donald
Spider:1: nicolae_spider_mines_2
Spider:2: layout_chambers
Spider:3: layout_spider_delve, uniq_roxanne, uniq_arachne
Spider:4: spider_rune_water, hive_lemuel, uniq_mara
Orc:1:    layout_diamond_mine, ebering_ghost_disaster_area, uniq_nergalle,
          uniq_josephine
Orc:2:    st_orc_mages, layout_caves, serial_shops, shop, portal_ice_cave_rime,
          okawaru_metal_pillars_3, uniq_sonja
Vaults:1: nicolae_vaults_windows_and_doors_thing, st_quartered_hall, v_rooms_6,
          ontoclasm_vaults_fault, hangedman_vaults_capsules, v_pattern_2,
          v_misc_23, hangedman_vaults_corner, v_misc_13,
          ontoclasm_vaults_decontamination, v_misc_1, vaults_dpeg_ring,
          layout_vaults_omnigrid, serial_shops, nicolae_shop_stone

Skill      XL: |  1  2  3  4  5  6  7  8  9 10 11 12 13 14 15 16 17 18 19 |
---------------+----------------------------------------------------------+-----
Stealth        | 1 2 3 4 5 7 8 9 10 11 12 | 12.0
Dodging        | 3 4 5 6 8 10 11 13 14 15 16 17 | 17.6
Evocations     | 4 5 6 7 9 10 11 12 13 14 15 16 | 16.1
Fighting       | 2 3 5 6 8 9 10 11 12 13 14 | 14.9
Shields        | 4 6 8 9 11 | 11.8
Maces & Flails | 2 |  2.1
Spellcasting   | 1 2 5 9 10 | 10.9
Air Magic      | 1 5 7 8 |  8.3
Staves         | 1 |  1.4
Poison Magic   | 1 2 4 |  4.9
Throwing       | 1 3 |  3.5
Translocations | 1 4 5 |  5.5
Fire Magic     | 2 4 |  4.3
Transmutations | 2 3 |  3.7
Unarmed Combat | |  0.3
Conjurations   | |  0.4

Action                   |  1- 3 |  4- 6 |  7- 9 | 10-12 | 13-15 | 16-18 | 19-21 || total
-------------------------+-------+-------+-------+-------+-------+-------+-------++-------
Melee: Club              |    10 |       |       |       |       |       |       ||    10
       Mace              |    64 |   123 |   339 |   486 |  1240 |  1716 |   220 ||  4188
       Tailslap          |     9 |     9 |    39 |    67 |   275 |   311 |    37 ||   747
       Unarmed           |       |       |     2 |       |       |       |       ||     2
       Staff             |       |       |       |       |   186 |       |       ||   186
Throw: Dart              |       |       |       |       |       |    25 |       ||    25
       Boomerang         |       |       |       |       |       |    13 |       ||    13
       Javelin           |       |       |       |       |       |     3 |       ||     3
 Cast: Poisonous Vapours |       |       |       |       |    21 |   139 |     7 ||   167
       Mephitic Cloud    |       |       |       |       |       |    26 |     2 ||    28
       Olgreb's Toxic Ra |       |       |       |       |       |    31 |    27 ||    58
       Blink             |       |       |       |       |       |     1 |     1 ||     2
       Apportation       |       |       |       |       |       |     1 |       ||     1
       Ignite Poison     |       |       |       |       |       |       |     7 ||     7
Invok: Curse Item        |       |       |       |     4 |     4 |     1 |       ||     9
       Shatter the Chain |       |       |       |       |       |       |     1 ||     1
 Abil: Breathe Steam     |       |       |    25 |   107 |   263 |   272 |    28 ||   695
Evoke: Wand              |     3 |     5 |     4 |    10 |    15 |    58 |     1 ||    96
       Piece from Xom's  |       |     1 |     1 |     1 |     3 |    14 |       ||    20
       Box of beasts     |       |       |       |       |     4 |     8 |     1 ||    13
       Phial of floods   |       |       |       |       |       |     3 |     2 ||     5
  Use: Scroll            |     2 |     4 |     8 |     9 |     6 |     4 |     1 ||    34
       Potion            |       |     1 |     4 |     3 |    10 |    10 |     3 ||    31
 Stab: Sleeping          |     1 |     4 |    20 |     4 |    22 |    12 |     1 ||    64
       Petrified         |       |     1 |       |       |       |    11 |       ||    12
       Distracted        |       |       |       |     2 |     8 |     3 |       ||    13
       Paralysed         |       |       |       |       |     1 |       |       ||     1
       Confused          |       |       |       |       |       |    19 |     4 ||    23
Armor: Skin              |    28 |    41 |   110 |   193 |   433 |   438 |    60 ||  1303
Dodge: Dodged            |    51 |    80 |   413 |   647 |  1943 |  3065 |   416 ||  6615
Block: Buckler           |       |       |       |     7 |   702 |  1183 |   211 ||  2103

Table legend: (Time is in decaauts)
 A = Elapsed time spent in this place.
 B = Non-inter-level travel time spent in this place.
 C = Inter-level travel time spent in this place.
 D = Time resting spent in this place.
 E = Time spent auto-exploring this place.
 F = Levels seen in this place.
 G = Mean time per level.
                   A        B        C        D        E       F      G
               +--------+--------+--------+--------+--------+-----+--------+
         Total |  60321 |  55774 |   4547 |   6961 |  35138 |  35 | 1723.5 |
       Dungeon |  21550 |  19348 |   2202 |   1822 |  13841 |  15 | 1436.7 |
        Temple |     72 |     56 |     16 |      0 |     48 |   1 |   72.0 |
          Lair |  13686 |  12588 |   1098 |    926 |   8650 |   6 | 2281.0 |
        Shoals |  11764 |  11031 |    733 |   3092 |   4893 |   4 | 2941.0 |
   Spider Nest |   6452 |   6105 |    347 |    654 |   3836 |   4 | 1613.0 |
  Orcish Mines |   2898 |   2765 |    133 |    440 |   1348 |   2 | 1449.0 |
        Vaults |   1973 |   1957 |     16 |      0 |   1333 |   1 | 1973.0 |
         Sewer |    700 |    700 |      0 |      9 |    452 |   1 |  700.0 |
      Ice Cave |   1224 |   1224 |      0 |     17 |    735 |   1 | 1224.0 |
               +--------+--------+--------+--------+--------+-----+--------+

Top non-repeatable levels by time:
  Lair:6: 4103 daAuts
Shoals:3: 3962 daAuts
Shoals:2: 3377 daAuts
Spider:4: 2802 daAuts
Shoals:4: 2772 daAuts
  Lair:3: 2744 daAuts
  Lair:4: 2582 daAuts
  Lair:2: 2149 daAuts
Vaults:1: 1973 daAuts
    D:13: 1945 daAuts
     D:1: 1740 daAuts
     D:5: 1739 daAuts
    D:10: 1722 daAuts
     D:6: 1681 daAuts
Shoals:1: 1651 daAuts
